 Dungeon Crawl Stone Soup version 0.27-a0-1434-g6f15984924 (webtiles) character file.

Game seed: 16763918976149273746

28 avis the Scratcher (level 2, -2/12 HPs)
             Began as a Felid Transmuter on July 4, 2021.
             Slain by an iguana (9 damage)
             ... on level 1 of the Dungeon.
             The game lasted 00:05:02 (1408 turns).

avis the Scratcher (Felid Transmuter)               Turns: 1408, Time: 00:05:02

Health: -2/12      AC:  1    Str:  6    XL:     2   Next: 96%
Magic:  6/6        EV: 17    Int: 14    God:
Gold:   9          SH:  0    Dex: 16    Spells: 4/5 levels left
                                        Lives:  0   Deaths: 0

rFire    . . .     SeeInvis +     - Unarmed
rCold    . . .     Faith    .   (shield unavailable)
rNeg     . . .     Spirit   .   (armour unavailable)
rPois    .         Reflect  .   (helmet unavailable)
rElec    .         Harm     .   (cloak unavailable)
rCorr    .         Rampage  .   (gloves unavailable)
Will     .....                  (boots unavailable)
Stlth    ++........             e - amulet of magic regeneration
HPRegen  0.04/turn              (no ring)
MPRegen  0.35/turn              (no ring)

@: appendages (expiring), quick
A: horns 2, very small, claws 1, fangs 3, see invisible, speed 1, shaggy fur 1,
stealthy paws, no weapons or thrown items, no armour, multi-lived
a: End Transformation


You were on level 1 of the Dungeon.
You had temporarily grown beastly horns.
You visited 1 branch of the dungeon, and saw 2 of its levels.

You collected 9 gold pieces.

Inventory:

Jewellery
 e - an amulet of magic regeneration (around neck)
Scrolls
 b - 2 scrolls of identify {unknown}
Potions
 a - 2 potions of brilliance {unknown}
 c - a potion of mutation {unknown}
 d - a potion of heal wounds {unknown}


   Skills:
 - Level 1.0 Fighting
 - Level 2.6 Dodging
 - Level 2.0 Stealth
 * Level 3.9 Unarmed Combat
 - Level 2.0 Spellcasting
 - Level 2.1 Transmutations


You had 4 spell levels left.
You knew the following spells:

 Your Spells              Type           Power      Damage    Failure   Level
a - Beastly Appendage     Tmut           14%        N/A       10%         1

Your spell library contained the following spells:

 Spells                   Type           Power      Damage    Failure   Level
 Wereblood                Tmut           7%         N/A       14%         2
 Spider Form              Tmut/Pois      2%         N/A       41%         3
 Ice Form                 Ice/Tmut       4%         N/A       83%         4


Dungeon Overview and Level Annotations

Branches:
Dungeon (2/15)

Altars:


Innate Abilities, Weirdness & Mutations

You have temporarily grown beastly horns.
You have sharp claws.
You have razor-sharp teeth.
You have supernaturally acute eyesight. (SInv)
You cover ground quickly. (Speed+)
You are covered in fur. (AC +1)
Your paws help you pounce on unaware monsters.
You are incapable of wielding weapons or throwing items.
You cannot wear armour.
You gain extra lives every three experience levels.


Message History

Things that are here:
a +0 club; a hobgoblin corpse
There is an open door here.
There is an open door here.
There is an open door here.
There is an open door here.
There is a stone staircase leading down here.
You climb downwards.
An iguana and an adder come into view.
The iguana hisses angrily.
There is a stone staircase leading up here.
Casting: Beastly Appendage (safe; 10% risk of failure)
Confirm with . or Enter, or press ? or * to list all spells.
You miscast Beastly Appendage.
You are very lightly contaminated with residual magic.
Nothing appears to happen.
Casting: Beastly Appendage (safe; 10% risk of failure)
Confirm with . or Enter, or press ? or * to list all spells.
You grow a pair of large bovine horns.
The adder barely misses you. The iguana barely misses you.
The adder closely misses you.
You climb upwards.
There is a stone staircase leading down here.
The iguana closely misses you.
Your magical contamination has completely faded away.
You scratch the adder. Your headbutt misses the adder.
The adder is severely wounded.
The adder completely misses you.
You scratch the adder.
The adder is severely wounded.
Your transformation is almost over.
The adder closely misses you. The adder bites you.
You scratch the adder.
You kill the adder!
Training target 2.0 for Stealth reached!
Your Stealth skill increases to level 2!
You barely miss the iguana. Your bite misses the iguana.
You closely miss the iguana. The iguana bites you!
Ouch! That really hurt!
You die...

#......>......##...#..
#.###..#...####.....##
#.# #..#...........##
#.###>.#.#.######.##
#.##.......# #.#
#.##.###.### #.#
#.##.# #.# ##+##
#.##.###># ##...##
#....@l..# ##.....##
####.##.## ##.......#
##.#...####........)
#.........'.........
#......####.........
#...#.## ##.......#
###.### ##.....## #.#
##...## #.# ##'##


You could see an iguana.

Vanquished Creatures
  An adder (D:1)
  2 endoplasms (D:1)
  2 giant cockroaches (D:1)
  4 hobgoblins (D:1)
  A kobold (D:1)
  2 bats (D:1)
  A frilled lizard (D:1)
  2 goblins (D:1)
  3 rats (D:1)
18 creatures vanquished.

Notes
Turn   | Place    | Note
-------+----------+-------------------------------------------
     0 | D:1      | avis the Felid Transmuter began the quest for the Orb.
     0 | D:1      | Reached XP level 1. HP: 9/9 MP: 4/4
   248 | D:1      | Reached skill level 1 in Stealth
   641 | D:1      | Reached XP level 2. HP: 9/12 MP: 6/6
  1408 | D:1      | Slain by an iguana

Illustrated notes

Levels and vault maps discovered:
D:1:      dpeg_arrival_snail, layout_loops_corners,
          chequers_serial_rivers_small_b, minivault_27
D:2:      layout_basic, hellmonk_ecumenical_altar_heavens_door, basic_altar

Skill      XL: |  1  2 |
---------------+-------+-----
Stealth        | 1 2 |  2.0
Fighting       | |  1.0
Dodging        | |  2.6
Unarmed Combat | |  3.9
Spellcasting   | |  2.0
Transmutations | |  2.1

Action                   || total
-------------------------++-------
Melee: Unarmed           ||    38
       Bite              ||     2
       Headbutt          ||     4
 Cast: Beastly Appendage ||     8
 Stab: Sleeping          ||     4
Armor: Skin              ||     1
Dodge: Dodged            ||    20

Table legend: (Time is in decaauts)
 A = Elapsed time spent in this place.
 B = Non-inter-level travel time spent in this place.
 C = Inter-level travel time spent in this place.
 D = Time resting spent in this place.
 E = Time spent auto-exploring this place.
 F = Levels seen in this place.
 G = Mean time per level.
                   A        B        C        D        E       F      G
               +--------+--------+--------+--------+--------+-----+--------+
         Total |   1219 |   1147 |     72 |    394 |    521 |   2 |  609.5 |
       Dungeon |   1219 |   1147 |     72 |    394 |    521 |   2 |  609.5 |
               +--------+--------+--------+--------+--------+-----+--------+

Top non-repeatable levels by time:
     D:1: 1214 daAuts
     D:2: 4 daAuts
